 Dungeon Sprint DCSS version 0.29-a0-821-g66395355a5 (webtiles) character file.

Game seed: 16859115181585686593

70 mhtbhm the Trooper (level 4, -6/40 HPs)
             Began as a Demonspawn Berserker on July 8, 2022.
             Was a Believer of Trog.
             Splashed by a jelly's acid (10 damage)
             ... in the Dungeon (Sprint IX: "|||||||||||||||||||||||||||||").
             The game lasted 00:00:23 (371 turns).

mhtbhm the Trooper (Demonspawn Berserker)            Turns: 371, Time: 00:00:25

Health: -6/40      AC: -13   Str: 19    XL:     4   Next: 4%
Magic:  4/4        EV: 12    Int:  9    God:    Trog [**....]
Gold:   0          SH:  0    Dex: 12    Spells: 3/3 levels left

rFire   . . .      SeeInvis .   a - +0 mace
rCold   . . .      Faith    .   (no shield)
rNeg    . . .      Spirit   .   b - +0 animal skin
rPois   .          Reflect  .   (no helmet)
rElec   .          Harm     .   (no cloak)
rCorr   .          Rampage  .   (no gloves)
Will    .....      NoTele   +   (no boots)
Stlth   +.........              (no amulet)
HPRegen 0.13/turn               (no ring)
MPRegen 0.09/turn               (no ring)

@: corroded
A: hooves 1, demonic guardian 1
a: Renounce Religion, Berserk, Trog's Hand


You were in the Dungeon.
You worshipped Trog.
Trog was pleased with you.
You visited 1 branch

Inventory:

Hand Weapons
 a - a +0 mace (weapon)
Armour
 b - a +0 animal skin (worn)
Potions
 e - a potion of haste
 f - 2 potions of magic
 g - a potion of berserk rage


   Skills:
 + Level 5.7 Fighting
 + Level 5.3 Maces & Flails
 + Level 2.7 Armour
 + Level 2.9 Dodging


You had 3 spell levels left.
You didn't know any spells.
Your spell library was empty.

Dungeon Overview and Level Annotations

Branches:
Dungeon (1/1)

Altars:


Innate Abilities, Weirdness & Mutations

You have large cloven feet.
A weak demonic guardian rushes to your aid.


Message History

You see here a jackal corpse.
The jelly hits you but does no damage.
You hit the jelly. The acid corrodes you!
Your hands burn!
You kick the jelly, but do no damage.
The jelly is moderately wounded.
The jelly completely misses you.
You hit the jelly.
Your hands burn!
You kick the jelly, but do no damage.
The jelly is heavily wounded.
The jelly hits you. The acid corrodes you!
You are splashed with acid!
A demonic guardian appears!
The adder hisses angrily.
You sock the jelly! The acid corrodes you!
Your hands burn!
You kick the jelly, but do no damage.
The jelly is severely wounded.
The jelly hits you.
You are splashed with acid!
* * * LOW HITPOINT WARNING * * *
You are too injured to fight recklessly!
You are too injured to fight recklessly!
You are too injured to fight recklessly!
You are too injured to fight recklessly!
You are too injured to fight recklessly!
You are too injured to fight recklessly!
You are too injured to fight recklessly!
You are too injured to fight recklessly!
You are too injured to fight recklessly!
You are too injured to fight recklessly!
You are too injured to fight recklessly!
You are too injured to fight recklessly!
You are too injured to fight recklessly!
You are too injured to fight recklessly!
You are too injured to fight recklessly!
You are too injured to fight recklessly!
Unknown command.
You hit the jelly. The acid corrodes you!
Your hands burn!
* * * LOW HITPOINT WARNING * * *
The jelly is almost dead.
The jelly hits you.
* * * LOW HITPOINT WARNING * * *
The acid corrodes you!
You are splashed with acid!
You die... ▓▓▓▓▓▓▓▓▓▓▓▓▓▓▓▓▓▓ +....S'...J@5...<▓ ▓▓▓▓▓▓▓▓▓▓▓▓▓▓▓▓▓▓

You could see a jelly (ally target), an adder and a friendly quasit (summoned).

Vanquished Creatures
  A scorpion (D)
  A giant cockroach (D)
  A hobgoblin (D)
  A jackal (D)
  A quokka (D)
  A ball python (D)
  A bat (D)
7 creatures vanquished.

Notes
Turn   | Place    | Note
-------+----------+-------------------------------------------
     0 | D        | mhtbhm the Demonspawn Berserker began the quest for the
                  | Orb.
     0 | D        | Reached XP level 1. HP: 18/18 MP: 1/1
     8 | D        | Reached ** piety under Trog
   120 | D        | Noticed an orc priest
   120 | D        | Noticed a jelly
   120 | D        | Noticed a scorpion
   125 | D        | Killed a scorpion
   126 | D        | Reached skill level 5 in Fighting
   126 | D        | Reached skill level 5 in Maces & Flails
   126 | D        | Gained mutation: You have large cloven feet. [demonic
                  | ancestry]
   126 | D        | Reached XP level 2. HP: 4/28 MP: 2/2
   126 | D        | Gained mutation: A weak demonic guardian rushes to your
                  | aid. [demonic ancestry]
   126 | D        | Reached XP level 3. HP: 5/34 MP: 3/3
   126 | D        | Reached XP level 4. HP: 6/40 MP: 4/4
   127 | D        | HP: 3/60 [poisoned by a scorpion]
   128 | D        | HP: 1/40 [poisoned by a scorpion]
   371 | D        | Splashed by a jelly's acid

Illustrated notes

Levels and vault maps discovered:
D:        linesprint [early_d, line_temple, items_1, d_10, items_2, lair_1,
          lair_end, items_3, orc_1, orc_end, items_4, d_15, swamp_1, shoals_1,
          snake_1, spider_1, d_20, vaults_1, items_5, swamp_end, shoals_end,
          snake_end, spider_end, vaults_end, d_27, items_6, zot_1, zot_end,
          crypt_end, forest_end, elf_end, slime_end, tomb_end, abyss_end,
          pan_hell_end]

Skill      XL: |  1 |
---------------+----+-----
Maces & Flails | 5 |  5.3
Dodging        | 2 |  2.9
Armour         | 2 |  2.7
Fighting       | 5 |  5.7

Action                   |  1- 3 |  4- 6 || total
-------------------------+-------+-------++-------
Melee: Mace              |    11 |     6 ||    17
       Kick              |       |     3 ||     3
Invok: Berserk           |     1 |       ||     1
  Use: Potion            |       |     2 ||     2
       Scroll            |       |     1 ||     1
Armor: Animal skin       |       |     1 ||     1
Dodge: Dodged            |     8 |     4 ||    12

Table legend: (Time is in decaauts)
 A = Elapsed time spent in this place.
 B = Non-inter-level travel time spent in this place.
 C = Inter-level travel time spent in this place.
 D = Time resting spent in this place.
 E = Time spent auto-exploring this place.
 F = Levels seen in this place.
 G = Mean time per level.
                   A        B        C        D        E       F      G
               +--------+--------+--------+--------+--------+-----+--------+
         Total |    384 |    384 |      0 |    344 |      0 |   1 |  384.0 |
       Dungeon |    384 |    384 |      0 |    344 |      0 |   1 |  384.0 |
               +--------+--------+--------+--------+--------+-----+--------+

Top non-repeatable levels by time:
       D: 384 daAuts
